Map: Royal Blood LE

Players

Reynor - Winner!

  • Race: Zerg Zerg
  • League: Master
  • Spawn Location: 7:00

BabyMarine

  • Race: Terran Terran
  • Spawn Location: 1:00

Event: HomeStory Cup XXIII

VOD

Have the link to the VOD?

Description

Time

  • Played on: June 30, 2023, 8:44 a.m.
  • Length: 15:09

All games in this series

Show
View Real Time Build Order
Export as new Build Order

Reynor Zerg - Winner!

Build Orders: Hatch First, Lurkers 

Get SALT Encoding   

  12  0:00  Drone  
  13  0:07  Drone  
  13  0:13  Extractor  
  13  0:14  Drone  
  15  0:37  Hatchery  
  15  0:42  Extractor, Drone  
  14  0:48  Overlord  
  15  1:02  Spawning Pool  
  14  1:06  Drone  
  14  1:09  Drone  
  16  1:13  Drone  
  16  1:17  Drone  
  18  1:27  Extractor  
  18  1:28  Drone  
  18  1:38  Drone  
  19  1:48  Queen  
  19  1:49  Queen, Drone  
  19  1:51  Drone  
  25  2:00  Drone, Overlord  
  26  2:10  Drone  
  26  2:11  Drone  
  28  2:21  Drone  
  28  2:22  Drone  
  30  2:28  Hatchery  
  29  2:32  Drone x2  
  31  2:42  Overlord  
  31  2:43  Queen  
  33  2:45  Drone  
  34  2:53  Drone  
  34  2:54  Drone  
  36  2:58  Roach Warren  
  36  2:59  Drone  
  36  3:01  Drone x2  
  36  3:05  Overlord  
  38  3:08  Drone  
  38  3:11  Drone  
  38  3:12  Drone  
  41  3:14  Drone  
  41  3:19  Queen  
  44  3:23  Overlord  
  44  3:26  Drone  
  45  3:27  Drone  
  45  3:30  Drone  
  45  3:31  Drone  
  45  3:32  Drone  
  49  3:35  Drone  
  49  3:39  Roach  
  49  3:40  Roach  
  54  3:46  Roach  
  58  3:48  Roach  
  58  3:51  Drone  
  59  3:56  Evolution Chamber  
  59  3:59  Drone x3  
  59  4:00  Drone x2  
  59  4:02  Drone  
  63  4:09  Drone x2  
  64  4:13  Drone  
  64  4:15  Drone  
  66  4:18  Lair  
  66  4:19  Overlord  
  66  4:20  Extractor, Overlord  
  66  4:21  Drone  
  66  4:27  Overlord  
  66  4:31  Overlord  
  66  4:35  Spore Crawler  
  66  4:36  Drone  
  66  4:37  Extractor, Queen  
  66  4:38  Extractor, Drone x4  
  68  4:39  Drone  
  68  4:41  Drone  
  68  4:42  Drone  
  73  4:45  Spore Crawler  
  73  4:48  Drone, Spore Crawler  
  73  4:49  Spore Crawler  
  71  4:54  Drone x2  
  71  4:58  Drone x3  
  73  5:03  Drone x2  
  73  5:04  Drone  
  73  5:05  Drone x2  
  70  5:11  Drone x3  
  72  5:17  Drone  
  67  5:22  Pneumatized Carapace  
  67  5:23  Drone x3  
  67  5:25  Drone  
  67  5:26  Drone  
  67  5:28  Drone  
  73  5:32  Overseer  
  73  5:33  Queen  
  73  5:35  Drone x2  
  77  5:40  Queen  
  79  5:44  Roach x2  
  79  5:46  Overlord  
  79  5:49  Drone  
  84  5:50  Drone  
  84  5:51  Drone  
  84  5:52  Drone  
  84  5:53  Drone  
  84  5:54  Drone  
  89  5:58  Glial Reconstitution  
  89  5:59  Overlord  
  89  6:01  Drone  
  90  6:06  Drone  
  90  6:07  Drone x4  
  90  6:09  Drone  
  96  6:15  Extractor, Zerg Ground Armor Level 1  
  96  6:16  Extractor, Drone  
  96  6:17  Evolution Chamber  
  94  6:19  Drone  
  94  6:21  Infestation Pit  
  94  6:23  Overlord  
  94  6:27  Queen  
  94  6:30  Roach x2  
  94  6:31  Overlord  
  92  6:38  Drone x3  
  95  6:40  Overlord  
  95  6:46  Roach x2  
  97  6:50  Overlord  
  97  6:53  Hatchery  
  86  6:54  Roach x2  
  86  6:55  Roach x2  
  86  6:58  Zerg Missile Weapons Level 1  
  86  7:01  Roach x2  
  98  7:05  Overlord  
  98  7:09  Infestor x2  
  98  7:11  Roach x2  
  98  7:13  Queen  
  110  7:15  Roach  
  110  7:18  Overlord  
  110  7:26  Hive  
  110  7:28  Roach x3  
  117  7:32  Hatchery  
  118  7:37  Roach x5  
  118  7:41  Overlord  
  118  7:43  Roach x2  
  130  7:48  Ravager x4  
  130  7:50  Roach x2, Queen  
  140  7:52  Overlord  
  140  7:55  Overlord  
  140  8:03  Overlord  
  140  8:04  Roach x3  
  146  8:06  Overlord  
  146  8:12  Roach x4  
  154  8:16  Overseer  
  152  8:20  Drone x6  
  152  8:21  Zerg Ground Armor Level 2  
  156  8:27  Drone x2  
  156  8:28  Drone x2  
  156  8:30  Drone x2  
  156  8:31  Drone  
  156  8:33  Drone  
  156  8:34  Drone, Hydralisk Den  
  164  8:43  Queen  
  164  8:44  Drone x3  
  164  8:46  Overlord  
  169  8:51  Spore Crawler x2  
  169  8:52  Spine Crawler  
  166  8:56  Roach x4  
  166  8:57  Extractor  
  166  8:59  Extractor, Overlord  
  166  9:02  Zerg Missile Weapons Level 2  
  172  9:03  Drone x2  
  172  9:08  Lurker Den  
  173  9:15  Drone x2  
  173  9:16  Drone  
  176  9:22  Viper x2  
  176  9:24  Metabolic Boost  
  182  9:25  Overlord  
  182  9:26  Hatchery  
  181  9:35  Overseer  
  181  9:44  Hydralisk x3  
  187  9:45  Hydralisk  
  189  9:53  Overlord  
  189  10:06  Hydralisk x2  
  189  10:08  Seismic Spines  
  189  10:10  Lurker x3  
  190  10:22  Overlord  
  190  10:26  Hydralisk x3  
  196  10:35  Hydralisk  
  180  10:39  Lurker x2  
  180  10:40  Roach x13  
  200  10:55  Lurker x3  
  200  10:56  Lurker  
  196  11:01  Roach x7  
  199  11:08  Roach x2  
  199  11:10  Adaptive Talons  
  199  11:17  Zergling x26  
  200  11:20  Zerg Ground Armor Level 3  
  200  11:21  Zerg Melee Weapons Level 1  
  200  11:25  Baneling Nest  
  199  11:27  Zergling x2  
  195  11:41  Hatchery  
  195  11:46  Zergling x22  
  194  11:47  Overlord  
  194  11:50  Hatchery  
  194  11:51  Hydralisk x2  
  194  11:52  Zergling x4  
  193  12:03  Zergling x18  
  193  12:05  Hydralisk  
  189  12:11  Hydralisk x3, Zergling x2  
  189  12:12  Zergling x8  
  193  12:34  Lurker x3  
  193  12:35  Hydralisk  
  193  12:36  Hatchery, Zergling x12  
  197  12:49  Centrifugal Hooks  
  187  12:51  Zergling x16  
  187  12:52  Zergling x8  
  187  12:54  Overlord  
  190  13:06  Hydralisk  
  190  13:07  Zergling x14  
  190  13:09  Adrenal Glands  
  199  13:25  Zergling x4  
  200  13:27  Overlord  
  198  13:36  Zergling x12  
  198  13:37  Zergling x2  
  198  13:38  Overlord  
  198  13:41  Baneling x15  
  198  13:42  Overlord  
  198  13:47  Zergling x6  
  198  13:48  Overlord  
  196  13:57  Overlord  
  196  13:58  Zergling x28  
  196  14:00  Hydralisk  
  168  14:10  Hydralisk  
  168  14:11  Zergling x6  
  168  14:14  Hydralisk, Queen  
  168  14:15  Zergling x4  
  170  14:19  Drone  
  170  14:21  Drone x5  
  170  14:23  Hydralisk  
  174  14:24  Zergling x10  
  174  14:26  Hydralisk  
  174  14:31  Baneling x32  
  181  14:35  Zergling x8  
  182  14:39  Drone x4  
  182  14:40  Drone x3  
  182  14:43  Zergling x4  
  193  14:46  Hatchery  
Show
View Real Time Build Order
Export as new Build Order

BabyMarine Terran 

Build Orders: Reaper Expand, Hellion Banshee 

Get SALT Encoding   

  12  0:00  SCV  
  13  0:12  SCV  
  14  0:17  Supply Depot  
  14  0:24  SCV  
  15  0:38  SCV  
  15  0:39  Barracks  
  16  0:44  Refinery  
  16  0:50  SCV  
  17  1:03  SCV  
  18  1:15  SCV  
  19  1:26  Reaper  
  19  1:27  Orbital Command  
  20  1:42  Command Center  
  20  1:51  Supply Depot  
  20  1:53  SCV  
  21  1:58  Marine  
  22  2:05  SCV  
  23  2:15  Factory  
  23  2:18  SCV  
  23  2:21  Barracks Reactor  
  24  2:30  SCV  
  25  2:42  Command Center  
  25  2:43  SCV  
  26  2:54  Orbital Command  
  26  2:57  SCV  
  27  3:05  Starport  
  27  3:10  Refinery  
  27  3:11  Hellion  
  29  3:16  Hellion  
  29  3:18  SCV  
  32  3:20  SCV  
  32  3:21  Barracks Tech Lab  
  33  3:30  SCV  
  33  3:32  Hellion  
  36  3:35  SCV  
  36  3:37  Hellion  
  39  3:47  SCV x2, Banshee  
  44  3:55  Orbital Command  
  44  3:59  SCV  
  44  4:01  SCV  
  46  4:06  Cloaking Field, Hellion x2, Barracks Tech Lab  
  47  4:15  SCV x2  
  47  4:21  SCV  
  48  4:26  Supply Depot  
  48  4:29  Banshee  
  51  4:31  Barracks  
  51  4:32  SCV  
  51  4:33  SCV  
  53  4:39  Stimpack  
  53  4:40  SCV  
  53  4:44  Barracks, SCV  
  53  4:45  Supply Depot  
  55  4:48  Factory Reactor  
  55  4:49  SCV  
  56  4:55  SCV  
  57  5:00  SCV  
  57  5:02  SCV  
  57  5:08  Marine  
  57  5:10  Engineering Bay  
  57  5:12  Engineering Bay, Refinery x2, SCV  
  57  5:14  SCV  
  57  5:17  SCV  
  57  5:20  Marine x2  
  57  5:24  Supply Depot x2  
  57  5:25  SCV  
  57  5:26  Marine  
  57  5:27  Orbital Command  
  60  5:33  Barracks  
  60  5:35  Barracks, Starport Reactor  
  59  5:37  Siege Tank  
  59  5:39  Marine x2  
  59  5:40  Marine x2  
  59  5:42  SCV, Supply Depot  
  67  5:44  Marine  
  68  5:53  Terran Infantry Weapons Level 1, Terran Infantry Armor Level 1  
  68  5:55  SCV  
  68  5:56  SCV, Marine  
  68  5:57  Marine  
  71  5:58  SCV, Marine x2  
  71  6:02  Marine  
  76  6:08  Bunker  
  76  6:10  Bunker  
  76  6:12  Siege Tank  
  76  6:14  SCV x2, Marine  
  76  6:15  SCV  
  76  6:17  Marine x2  
  85  6:18  Medivac  
  85  6:20  Marauder  
  85  6:22  Supply Depot  
  85  6:23  Supply Depot  
  89  6:27  Marine  
  89  6:29  Barracks Reactor, Barracks Tech Lab  
  89  6:30  SCV  
  87  6:34  Marine  
  87  6:35  Marine, SCV x2  
  87  6:39  Marine  
  91  6:40  Medivac  
  91  6:41  Marine  
  91  6:42  SCV  
  93  6:47  SCV x2  
  93  6:48  Marauder  
  93  6:50  Refinery  
  93  6:53  Refinery  
  95  6:55  Combat Shield  
  95  6:56  Marine x2  
  95  6:57  Marine x2  
  95  6:59  Marine, Supply Depot, SCV x2  
  95  7:00  SCV  
  103  7:02  Supply Depot  
  103  7:05  Siege Tank  
  103  7:07  Marine x2  
  108  7:12  SCV x2, Concussive Shells, Marine  
  108  7:14  SCV, Marine x2  
  114  7:15  Marine x2  
  114  7:16  Marine  
  119  7:24  SCV  
  119  7:25  SCV, Armory  
  119  7:28  Marine  
  119  7:29  Marine  
  121  7:30  Marine  
  121  7:32  Marine  
  121  7:34  Medivac  
  125  7:39  Marine x3, Command Center, Siege Tank  
  133  7:51  Marauder  
  133  7:52  Factory  
  133  7:54  Supply Depot  
  133  7:55  Supply Depot  
  133  8:09  Marine, SCV  
  133  8:11  Marine  
  133  8:12  Marine x3  
  133  8:13  Marine  
  133  8:14  Marauder  
  133  8:15  Marauder  
  133  8:17  Siege Tank  
  133  8:19  Medivac x2  
  142  8:21  SCV x3  
  142  8:26  Terran Infantry Weapons Level 2  
  145  8:27  Marine  
  145  8:28  Marine  
  145  8:30  Marine  
  148  8:35  Factory Tech Lab  
  148  8:36  Marine x2  
  148  8:37  Marauder  
  148  8:41  Barracks  
  152  8:42  Barracks x2, Supply Depot  
  152  8:44  Supply Depot  
  152  8:49  Siege Tank  
  152  8:50  Terran Infantry Armor Level 2  
  152  8:51  Marine, Marauder  
  152  8:53  Marine x2  
  160  9:02  Marine x3, Marauder  
  165  9:07  Terran Vehicle Weapons Level 1  
  165  9:12  Marine x2, Siege Tank  
  165  9:13  Marine, Marauder  
  173  9:18  Missile Turret  
  173  9:20  Missile Turret  
  173  9:23  Siege Tank  
  176  9:26  Marine, Marauder  
  176  9:28  Marine x2  
  181  9:33  Planetary Fortress  
  181  9:34  Marauder  
  183  9:42  Marine  
  184  9:48  Marauder  
  184  9:51  Siege Tank  
  184  9:52  Marine x2  
  184  10:02  Marine x2  
  184  10:03  Marine, Marauder  
  184  10:05  Barracks Tech Lab x3  
  189  10:09  Marauder  
  189  10:11  Marine  
  189  10:12  Marine x2, Ghost Academy  
  194  10:20  Marine  
  195  10:23  Siege Tank  
  195  10:25  Marauder  
  196  10:30  Command Center  
  196  10:33  SCV, Command Center  
  196  10:35  SCV  
  189  10:37  Siege Tank  
  186  10:48  Ghost x4  
  180  11:01  Marine, Ghost  
  168  11:04  Refinery  
  168  11:05  Refinery  
  168  11:06  Command Center  
  162  11:12  Siege Tank  
  162  11:18  Marine, Ghost  
  162  11:19  Marine x3  
  162  11:20  Marauder x3  
  162  11:21  SCV x4  
  178  11:32  Ghost  
  177  11:41  SCV  
  177  11:44  SCV  
  177  11:45  Ghost x2  
  179  11:51  Orbital Command, Siege Tank  
  182  12:02  SCV  
  182  12:05  SCV  
  182  12:08  Ghost x2  
  160  12:09  Marine x3  
  160  12:15  Marine x2  
  155  12:19  Ghost x3  
  155  12:21  Orbital Command, SCV x2  
  155  12:22  SCV  
  162  12:23  SCV  
  162  12:25  Siege Tank  
  166  12:31  Siege Tank  
  169  12:38  Marine x5  
  169  12:39  Marine, Marauder x2  
  169  12:40  SCV x3  
  169  12:44  SCV  
  181  12:48  Marauder x3  
  178  13:05  Planetary Fortress  
  173  13:06  Refinery, Siege Tank  
  173  13:07  Marine, Refinery  
  173  13:08  Marine x4  
  173  13:09  Marauder x3  
  187  13:14  SCV x5  
  192  13:20  Marine  
  192  13:21  Marauder x2  
  192  13:22  Liberator  
  200  13:31  Marauder  
  200  13:33  Marine  
  200  13:34  Marine x2  
  199  13:40  Marine x2  
  197  13:43  Ghost x2  
  184  14:04  Ghost x2  
  184  14:06  Marine x2, Ghost  
  184  14:08  SCV  
  160  14:12  Ghost  
  158  14:18  SCV x5, Ghost  
  158  14:22  Marine x2  
  156  14:24  Marine x2  
  157  14:32  Ghost  
  158  14:39  Ghost x2  
Tags
 
Add a new tag
Caveats
  • Supply blocks, unpowered buildings, or Contaminate may cause inaccurate times.
  • Supply counts are checked every 10 seconds.